 Dungeon Crawl Stone Soup version 0.22.1-2-g9c5b331383 (webtiles) character file.

9426 Marnok the Brawler (level 11, -10/85 HPs)
             Began as a Ghoul Gladiator on Dec 2, 2018.
             Was a Priest of Qazlal.
             Hit by a large rock thrown by a stone giant (22 damage)
             ... on level 1 of the Orcish Mines.
             The game lasted 00:50:56 (7529 turns).

Marnok the Brawler (Ghoul Gladiator)                Turns: 7529, Time: 00:50:56

Health: -10/85     AC: 32    Str: 20    XL:     11   Next: 46%
Magic:  10/10      EV:  4    Int:  4    God:    Qazlal [***...]
Gold:   227        SH:  4    Dex: 11    Spells: 10/10 levels left

rFire    . . .     SeeInvis .     - Unarmed
rCold    + + +     Gourm    .   (no shield)
rNeg     + + +     Faith    .   z - +9 scales of the Dragon King {rPois rF+ rC+ MR+}
rPois    ∞         Spirit   .   w - +2 hat {MR+}
rElec    .         Reflect  .   C - scarf {repulsion}
rCorr    .         Harm     .   (no gloves)
MR       ++...                  D - +1 pair of boots
Stlth    ..........             (no amulet)
HPRegen  0.00/turn              k - +3 ring of protection
MPRegen  0.12/turn              I - ring of ice

@: about to teleport, very slightly contaminated, rotting, invisible, repel
missiles
A: rotting body, claws 1, carnivore, cold resistance 1, negative energy
resistance 3, inhibited regeneration, torment resistance, unbreathing
a: Upheaval, Elemental Force, Renounce Religion


You were on level 1 of the Orcish Mines.
You worshipped Qazlal.
Qazlal was most pleased with you.
You were not hungry.

You visited 3 branches of the dungeon, and saw 12 of its levels.

You collected 495 gold pieces.
You spent 268 gold pieces at shops.

Inventory:

Hand Weapons
 h - a +0 blowgun
 n - a +0 flail
 o - a +0 vampiric dagger
 p - a +1 dagger of venom
 r - a cursed -3 dagger
 t - a +1 spear of venom
 B - a +3 scimitar of flaming
 E - a +2 battleaxe
 F - a cursed -1 flail
 G - a +2 long sword
 H - a +0 mace of draining
 K - a +0 hunting sling of flaming
 L - a +0 quarterstaff
 Q - a +2 flail of freezing
 R - a cursed +3 mace
Missiles
 c - 6 throwing nets (quivered)
 i - 10 poisoned needles
 M - 28 sling bullets
Armour
 w - a +2 hat of magic resistance (worn)
 z - the +9 scales of the Dragon King (worn) {rPois rF+ rC+ MR+}
   (You found it on level 7 of the Dungeon)

   It protects you from fire.
   It protects you from cold.
   It protects you from poison.
   It affects your resistance to hostile enchantments.
 C - a scarf of repulsion (worn)
 D - a +1 pair of boots (worn)
 N - a +3 leather armour of cold resistance
Jewellery
 k - a +3 ring of protection (left claw)
 l - an uncursed ring of positive energy
 s - a cursed ring of teleportation
 I - a ring of ice (right claw)
Wands
 a - a wand of paralysis (17)
 b - a wand of digging (13)
 v - a wand of flame (21)
Scrolls
 e - a scroll of fear
 f - 3 scrolls of magic mapping
 j - 3 scrolls of teleportation
 m - 4 scrolls of remove curse
 y - 2 scrolls of fog
 P - a scroll of amnesia
Potions
 g - a potion of mutation
 q - 3 potions of curing
 u - a potion of flight
 x - a potion of brilliance {unknown}
 T - a potion of invisibility
Miscellaneous
 O - a lightning rod (4/4)
Comestibles
 d - 17 rations
 A - 3 chunks of flesh


   Skills:
 + Level 4.3 Fighting
 + Level 1.8 Throwing
 + Level 7.4 Armour
 + Level 5.0 Dodging
 + Level 2.7 Stealth
 + Level 15.1 Unarmed Combat


You had 10 spell levels left.
You didn't know any spells.
Your spell library contained the following spells:

 Spells                   Type           Power        Failure   Level  Hunger
 Animate Skeleton         Necr           N/A          100%        1    ##.....
 Apportation              Tloc           #.....       100%        1    ##.....
 Pain                     Necr           #...         100%        1    ##.....
 Summon Butterflies       Summ           #.......     100%        1    ##.....
 Sticks to Snakes         Tmut           #.......     100%        2    ###....
 Lesser Beckoning         Tloc           #.........   100%        3    ####...
 Regeneration             Chrm/Necr      #.........   100%        3    ####...
 Tukima's Dance           Hex            #.......     100%        3    ####...
 Vampiric Draining        Necr           #.........   100%        3    ####...
 Animate Dead             Necr           N/A          100%        4    #####..
 Alistair's Intoxication  Tmut/Pois      #.......     100%        5    ######.
 Invisibility             Hex            #.......     100%        6    #######
 Beastly Appendage        Tmut           Unusable     N/A         1    N/A
 Spider Form              Tmut/Pois      Unusable     N/A         3    N/A
 Ice Form                 Ice/Tmut       Unusable     N/A         4    N/A
 Blade Hands              Tmut           Unusable     N/A         5    N/A

Dungeon Overview and Level Annotations

Branches:
Dungeon (10/15)            Temple (1/1) D:5             Orc (1/2) D:10
   Lair: D:8-11

Altars:
Ashenzari
Dithmenos
Elyvilon
Fedhas
Gozag
Hepliaklqana
Kikubaaqudgha
Okawaru
Qazlal
Ru
Sif Muna
Uskayaw
Vehumet
Xom
Yredelemnul
Zin
The Shining One

Shops:
D:6 =[?*

Annotations:
Orc:1 Erolcha


Innate Abilities, Weirdness & Mutations

Your body is rotting away.
You thrive on raw meat.
You are immune to poison.
You have sharp fingernails.
You are carnivorous and can eat meat at any time.
Your flesh is cold resistant. (rC+)
You are immune to negative energy. (rN+++)
You do not regenerate when monsters are visible.
You are immune to unholy pain and torment.
You can survive without breathing.


Message History

The orc wizard begins to cast a cantrip, but forgets the words!
The stone giant hits you but does no damage.
You see here a large rock.
As you read the scroll of teleportation, it crumbles to dust.
You feel strangely unstable.
The stone giant hits you but does no damage.
You fade into invisibility!
The stone giant hits you but does no damage.
You are very lightly contaminated with residual magic.
Your surroundings seem slightly different.
The orc wizard casts a spell at you.
The puff of frost is repelled.
The stone giant throws a large rock.
The large rock hits you but does no damage.
You see here a large rock.
As you read the scroll of teleportation, it crumbles to dust.
You feel strangely unstable.
The orc wizard mumbles some strange words.
The orc wizard flickers and vanishes!
The stone giant throws a large rock.
The large rock hits you!!
You die...

....(....#$#
.........(#### ##
.......(...#.##.##
.......o({.......#
..........C...#.#
..$>....o§o....#
.....C.....§..##
...........§...#
##.##....###@.##
## ###### ####


You could see a stone giant, a cyclops, an orc warrior, an orc wizard and an
orc.

Vanquished Creatures
  Harold (D:10)
  Erica (D:8)
  Joseph (D:9)
  4 hippogriffs
  A shadow (D:10)
  A wyvern (D:8)
  3 yaks (D:9)
  Grum (D:10)
  Eustachio (D:4)
  2 water moccasins
  4 ice beasts
  3 porcupines (D:10)
  3 black bears
  6 orc warriors
  5 sky beasts
  4 ogres
  3 phantoms
  2 centaurs
  A wolf (D:10)
  A crocodile (D:8)
  2 big kobolds
  5 bullfrogs
  A gnoll sergeant (D:10)
  2 scorpions
  5 killer bees (D:8)
  19 wights
  A crimson imp (D:9)
  8 hounds
  A jelly (D:9)
  5 orc priests
  3 bullfrog skeletons
  7 orc wizards
  3 centaur skeletons
  5 iguanas
  6 worker ants
  A killer bee zombie (D:9)
  2 hound skeletons
  A worker ant zombie (D:7)
  12 adders
  5 gnolls (D:10)
  2 shadow imps
  2 oozes
  An adder zombie (D:5)
  3 adder skeletons
  5 worms
  3 dart slugs
  5 leopard geckos
  26 orcs
  3 bats
  3 giant cockroaches
  5 goblins
  5 hobgoblins
  10 jackals
  17 kobolds
  5 quokkas
  6 ball pythons
  3 frilled lizards
  A jackal skeleton (D:7)
  A quokka skeleton (D:8)
  A quokka zombie (D:5)
  9 rats
258 creatures vanquished.

Notes
Turn   | Place    | Note
-------+----------+-------------------------------------------
     0 | D:1      | Marnok the Ghoul Gladiator began the quest for the Orb.
     0 | D:1      | Reached XP level 1. HP: 17/17 MP: 0/0
   100 | D:2      | Reached XP level 2. HP: 11/24 MP: 1/1
   814 | D:1      | Reached XP level 3. HP: 24/30 MP: 2/2
  1016 | D:1      | Reached skill level 4 in Unarmed Combat
  1620 | D:2      | Found an ancient bone altar of Kikubaaqudgha.
  1651 | D:3      | Reached XP level 4. HP: 37/37 MP: 3/3
  1674 | D:4      | Reached skill level 1 in Armour
  1782 | D:3      | Reached XP level 5. HP: 22/42 MP: 4/4
  2437 | D:3      | Reached skill level 5 in Unarmed Combat
  2672 | D:3      | Found a deep blue altar of Sif Muna.
  2673 | D:3      | Found a glowing silver altar of Zin.
  2710 | D:3      | Found a shattered altar of Ashenzari.
  2710 | D:3      | Found a hazy altar of Hepliaklqana.
  2712 | D:3      | Found a sacrificial altar of Ru.
  2755 | D:2      | Found a glowing golden altar of the Shining One.
  2894 | D:4      | Noticed an ogre
  2930 | D:4      | Killed an ogre
  2930 | D:4      | Reached XP level 6. HP: 43/50 MP: 5/5
  2937 | D:4      | Reached skill level 6 in Unarmed Combat
  3102 | D:5      | Entered Level 5 of the Dungeon
  3223 | D:4      | Reached XP level 7. HP: 24/56 MP: 6/6
  3291 | D:4      | Reached skill level 7 in Unarmed Combat
  3431 | D:4      | Noticed Eustachio
  3466 | D:4      | Killed Eustachio
  3757 | D:5      | Reached skill level 8 in Unarmed Combat
  3757 | D:5      | Reached XP level 8. HP: 60/62 MP: 7/7
  3834 | D:5      | Found a staircase to the Ecumenical Temple.
  3853 | Temple   | Entered the Ecumenical Temple
  3868 | Temple   | Became a worshipper of Qazlal Stormbringer
  3929 | D:5      | Found Roptufy's Book Shop.
  4203 | D:5      | Reached skill level 9 in Unarmed Combat
  4380 | D:7      | Noticed a hippogriff
  4468 | D:6      | Found an iron altar of Okawaru.
  4469 | D:6      | Found an opulent altar of Gozag.
  4549 | D:6      | Found Sixar's Armour Shop.
  4549 | D:6      | Found Enel's Jewellery Shop.
  4558 | D:6      | Found Bathuw's General Store.
  4559 | D:6      | Found Dinufar's Magic Scroll Shop.
  4621 | D:6      | Reached skill level 10 in Unarmed Combat
  4628 | D:6      | Reached XP level 9. HP: 64/69 MP: 8/8
  4728 | D:6      | Bought a +0 hat of magic resistance for 143 gold pieces
  4749 | D:6      | Bought a scroll of magic mapping for 35 gold pieces
  4749 | D:6      | Bought 2 scrolls of magic mapping for 70 gold pieces
  4749 | D:6      | Bought a scroll of identify for 20 gold pieces
  5122 | D:7      | Reached * piety under Qazlal
  5124 | D:7      | Found the +9 scales of the Dragon King {rPois rF+ rC+ MR+}
  5138 | D:7      | Reached skill level 11 in Unarmed Combat
  5311 | D:7      | Reached skill level 5 in Armour
  5465 | D:8      | Noticed Erica
  5492 | D:8      | Killed Erica
  5492 | D:8      | Reached skill level 12 in Unarmed Combat
  5492 | D:8      | Reached XP level 10. HP: 56/76 MP: 9/9
  5546 | D:8      | Reached skill level 5 in Dodging
  5950 | D:8      | Reached ** piety under Qazlal
  6294 | D:9      | Noticed Joseph
  6309 | D:9      | Reached skill level 13 in Unarmed Combat
  6334 | D:9      | Killed Joseph
  6636 | D:10     | Entered Level 10 of the Dungeon
  6800 | D:9      | Reached skill level 14 in Unarmed Combat
  6854 | D:9      | Reached *** piety under Qazlal
  6854 | D:9      | Reached XP level 11. HP: 64/84 MP: 10/10
  7105 | D:10     | Noticed Harold
  7124 | D:10     | Killed Harold
  7260 | D:10     | Noticed Grum
  7276 | D:10     | Killed Grum
  7404 | D:10     | Found a staircase to the Orcish Mines.
  7417 | D:10     | Reached skill level 15 in Unarmed Combat
  7483 | Orc:1    | Entered Level 1 of the Orcish Mines
  7484 | Orc:1    | Noticed an orc sorcerer
  7488 | Orc:1    | Noticed Erolcha
  7520 | Orc:1    | Noticed a cyclops
  7520 | Orc:1    | Noticed a stone giant
  7529 | Orc:1    | Hit by a large rock thrown by a stone giant

Skill      XL: |  1  2  3  4  5  6  7  8  9 10 11 |
---------------+----------------------------------+-----
Dodging        | 3 4 5 |  5.0
Unarmed Combat | 4 5 6 8 10 12 14 15 | 15.1
Armour         | 1 2 3 4 5 6 7 |  7.4
Fighting       | 3 4 |  4.3
Stealth        | 2 |  2.7
Throwing       | |  1.8

Action                   |  1- 3 |  4- 6 |  7- 9 | 10-12 || total
-------------------------+-------+-------+-------+-------++-------
Melee: Unarmed           |   105 |   185 |   330 |   442 ||  1062
       Punch             |     2 |     3 |     9 |    12 ||    26
  Use: Potion            |     4 |     2 |     2 |     3 ||    11
       Scroll            |     4 |       |     6 |    12 ||    22
  Eat: Chunk             |     6 |    15 |    14 |    35 ||    70
       Ration            |       |       |       |     1 ||     1
Armor: Leather armour    |    14 |       |       |       ||    14
       Ring mail         |    23 |    89 |   103 |       ||   215
       Gold dragon scale |       |       |    47 |   353 ||   400
Dodge: Dodged            |    58 |   150 |   142 |    83 ||   433
       Deflected         |       |       |       |     8 ||     8
Block: Other             |       |       |     3 |    42 ||    45
